 Dungeon Crawl Stone Soup version 0.23-a0-171-g5ae17c6e89 (webtiles) character file.

417 Holzbalken the Chopper (level 6, -7/39 HPs)
             Began as a Demonspawn Gladiator on Sept 13, 2018.
             Was a Believer of Hepliaklqana.
             Mangled by an ogre
             ... wielding a +0 giant spiked club
              (11 damage)
             ... on level 4 of the Dungeon.
             The game lasted 00:18:59 (3374 turns).

Holzbalken the Chopper (Demonspawn Gladiator)       Turns: 3374, Time: 00:18:59

Health: -7/39      AC:  4    Str: 14    XL:     6   Next: 61%
Magic:  0/6        EV: 13    Int: 11    God:    Hepliaklqana [**....]
Gold:   216        SH:  0    Dex: 17    Spells: 5/5 levels left

rFire    . . .     SeeInvis .     - Unarmed
rCold    . . .     Gourm    .   (no shield)
rNeg     . . .     Faith    .   b - +0 leather armour
rPois    .         Spirit   +   c - +0 helmet
rElec    +         Reflect  .   (no cloak)
rCorr    .         Harm     .   (no gloves)
MR       .....                  (no boots)
Stlth    +++.......             (no amulet)
HPRegen  0.13/turn              h - ring of flight
MPRegen  0.10/turn              (no ring)

@: no status effects
A: reduced essence, claws 2, clever 1, nightstalker 1, screaming 1, electricity
resistance, magic shield
a: Recall Ancestor, Ancestor Identity, Renounce Religion, Evoke Flight


You were on level 4 of the Dungeon.
You worshipped Hepliaklqana.
Hepliaklqana was pleased with you.
You were not hungry.

You visited 1 branch of the dungeon, and saw 4 of its levels.

You collected 216 gold pieces.

Inventory:

Hand Weapons
 a - a +0 war axe
 m - a +1 dagger
Armour
 b - a +0 leather armour (worn)
 c - a +0 helmet (worn)
Jewellery
 h - a ring of flight (left claw)
Wands
 d - a wand of paralysis (14)
 n - a wand of enslavement (11)
 o - a wand of random effects (29)
Scrolls
 e - a scroll of identify
 i - 2 scrolls of enchant weapon
 j - a scroll of noise
 k - a scroll of blinking {unknown}
 l - 2 scrolls of random uselessness
 p - 2 scrolls of remove curse
Comestibles
 f - 8 rations
 g - 6 chunks of flesh


   Skills:
 - Level 2.0 Fighting
 - Level 3.1 Short Blades
 - Level 3.9 Axes
 - Level 1.7 Throwing
 - Level 2.6 Dodging
 + Level 3.2 Stealth
 * Level 2.8 Unarmed Combat


You had 5 spell levels left.
You didn't know any spells.
Your spell library was empty.

Dungeon Overview and Level Annotations

Branches:
Dungeon (4/15)
 Temple: D:4-7

Altars:
Fedhas
Hepliaklqana
Sif Muna

Annotations:
D:3 Grinder


Innate Abilities, Weirdness & Mutations

You have very sharp fingernails.
You are slightly more attuned to the shadows.
When hurt, damage is shared between your health and your magic reserves.
Your life essence is reduced to manifest your ancestor. (-10% HP)
Your mind is acute. (Int +2)
You occasionally shout uncontrollably at your foes.
You are resistant to electric shocks. (rElec)


Message History

There is an open door here.
There is an open door here.
You swap places.
An ogre comes into view. It is wielding a giant spiked club.
The ogre shouts!
You scratch the ogre.
The ogre is lightly wounded.
The ogre barely misses you.
You claw the ogre!
The ogre is moderately wounded.
Waqi hits the ogre with a dagger of draining.
The ogre hits you with a giant spiked club!!
* * * LOW HITPOINT WARNING * * *
You scratch the ogre.
The ogre is heavily wounded.
Waqi hits the ogre but does no damage.
You claw the ogre!
The ogre is severely wounded.
The ogre hits you with a giant spiked club!
You die...

...#....##+##.........,,*
#.##.#..#.....#'########*
........#.....#........#
.#.##.###.....#........#
#...#.........#........#
..............#...##...#
#...#....######...##...#
##.##....#........######
.........#......@R.....#
##..#....#......O......#
##..#....#######S..#...#
##..#.......,,,...######
##'##.......,,....#
##..#.......,,....#
.#..#.......,,....#
.#.<'.......,,,,,,***
.#..#....##+****,,,,*


You could see the friendly Waqi the hexer, an ogre and an adder.

Vanquished Creatures
  Sigmund (D:2)
  A bullfrog (D:3)
  A hound (D:4)
  An iguana (D:4)
  An adder (D:2)
  A worm (D:4)
  5 dart slugs
  A leopard gecko (D:1)
  A ball python (D:2)
  7 bats
  3 giant cockroaches (D:2)
  3 goblins
  9 hobgoblins
  A quokka (D:3)
  4 frilled lizards
  6 kobolds
  8 rats
54 creatures vanquished.

Vanquished Creatures (collateral kills)
  Ijyb (D:4)
  A worker ant (D:4)
  A worm (D:3)
  2 bats
  2 goblins (D:3)
  A hobgoblin (D:3)
  A rat (D:3)
9 creatures vanquished.

Grand Total: 63 creatures vanquished

Notes
Turn   | Place    | Note
-------+----------+-------------------------------------------
     0 | D:1      | Holzbalken the Demonspawn Gladiator began the quest for the
                  | Orb.
     0 | D:1      | Reached XP level 1. HP: 16/16 MP: 1/1
   219 | D:1      | Gained mutation: When hurt, damage is shared between your
                  | health and your magic reserves. [demonic ancestry]
   219 | D:1      | Reached XP level 2. HP: 20/22 MP: 2/2
   599 | D:1      | Gained mutation: You are slightly more attuned to the
                  | shadows. [demonic ancestry]
   599 | D:1      | Reached XP level 3. HP: 27/27 MP: 3/3
  1010 | D:2      | Found a deep blue altar of Sif Muna.
  1118 | D:2      | Noticed Sigmund
  1147 | D:2      | Killed Sigmund
  1147 | D:2      | Gained mutation: You have sharp fingernails. [demonic
                  | ancestry]
  1147 | D:2      | Reached XP level 4. HP: 6/33 MP: 0/4
  1147 | D:2      | Gained mutation: You have very sharp fingernails. [demonic
                  | ancestry]
  1147 | D:2      | Reached XP level 5. HP: 7/38 MP: 0/5
  1413 | D:2      | Found a faded altar of an unknown god.
  1427 | D:2      | Became a worshipper of Hepliaklqana the Forgotten
  1427 | D:2      | Reached * piety under Hepliaklqana
  1940 | D:3      | Reached skill level 1 in Unarmed Combat
  1940 | D:3      | Reached XP level 6. HP: 20/39 MP: 3/6
  2210 | D:3      | Found a blossoming altar of Fedhas.
  2344 | D:3      | Noticed Grinder
  2345 | D:3      | Reached ** piety under Hepliaklqana
  2346 | D:3      | Remembered your ancestor Waqi as a hexer
  2988 | D:4      | Gained mutation: You are resistant to electric shocks.
                  | (rElec) [potion of mutation]
  2988 | D:4      | Gained mutation: You occasionally shout uncontrollably at
                  | your foes. [potion of mutation]
  2988 | D:4      | Gained mutation: Your mind is acute. (Int +2) [potion of
                  | mutation]
  3166 | D:4      | Noticed Ijyb
  3187 | D:4      | Killed Ijyb
  3374 | D:4      | Mangled by an ogre

Vault maps used:
D:1:      minmay_arrival_widening_spiral_wide, lemuel_old_faithful
D:2:      overflow_temple_1_default, chequers_ecumenical_altar_simple_redux,
          uniq_sigmund
D:3:      fedhas_altar_1, first_ration, uniq_grinder
D:4:      hangedman_decor_clover_reticule, roderic_serpentine_path, uniq_ijyb

Skill      XL: |  1  2  3  4  5  6 |
---------------+-------------------+-----
Axes           | 3 |  3.9
Short Blades   | 3 |  3.1
Stealth        | 2 3 |  3.2
Unarmed Combat | 1 2 |  2.8
Fighting       | |  2.0
Throwing       | |  1.7
Dodging        | |  2.6

Action                   |  1- 3 |  4- 6 || total
-------------------------+-------+-------++-------
Melee: War axe           |    60 |       ||    60
       Dagger            |    32 |       ||    32
       Unarmed           |       |   143 ||   143
Invok: Ancestor Identity |       |     1 ||     1
       Ancestor Life: He |       |     1 ||     1
  Use: Potion            |     2 |     1 ||     3
       Scroll            |       |     7 ||     7
 Stab: Sleeping          |     2 |     7 ||     9
       Confused          |       |     1 ||     1
  Eat: Chunk             |     1 |     7 ||     8
Armor: Leather armour    |    30 |    36 ||    66
Dodge: Dodged            |    61 |   112 ||   173

Table legend:
 A = Non-vault XP
 B = Vault XP
 C = Vault XP percentage of total XP
 D = Non-vault monster count
 E = Vault monster count
 F = Vault count percentage of total count
                 A         B        C        D         E       F
            +---------+---------+-------+---------+---------+-------
      Total |     329 |     267 |  44.8 |      61 |       2 |   3.2
            +---------+---------+-------+---------+---------+-------
        D:1 |      49 |       0 |   0.0 |      24 |       0 |   0.0
        D:2 |      36 |     231 |  86.5 |      15 |       1 |   6.2
        D:3 |     123 |       0 |   0.0 |      18 |       0 |   0.0
        D:4 |     121 |      36 |  22.9 |       4 |       1 |  20.0
            +---------+---------+-------+---------+---------+-------
